 Dungeon Crawl Stone Soup version 0.31-a0-986-g5e6e4ef867 (webtiles) character file.

Game seed: 6852796848696246167

320 sammy202020 the Changeling (level 6, -1/40 HPs)
             Began as a Merfolk Shapeshifter on Nov 19, 2023.
             Slain by an ogre
             ... wielding a +0 giant club
              (11 damage)
             ... on level 5 of the Dungeon.
             The game lasted 00:03:38 (2606 turns).

sammy202020 the Changeling (Merfolk Shapeshifter)   Turns: 2606, Time: 00:03:39

Health: -1/40      AC: 10    Str: 14    XL:     6   Next: 46%
Magic:  6/6        EV:  9    Int: 12    God:
Gold:   94         SH:  0    Dex: 13    Spells: 5/5 levels left

rFire   . .          .
                       - Unarmed
rCold   . . .        (shield currently unavailable)
rNeg    . . .        i - +0 plate armour
rPois   .            (no helmet)
rElec   .            (no cloak)
rCorr   .            (no gloves)
SInv    .            (no boots)
Will    .....        (no amulet) Stlth
                     e - +4 ring of slaying
HPRegen 0.26/turn    l - +5 ring of evasion
MPRegen 0.10/turn

%: no passive effects
@: flux-form, glowing
A: glow, contaminating, reduced hp, (nimble swimmer 2), mertail, mutation
resistance 1
a: Begin Untransformation


You were on level 5 of the Dungeon.
You were something dangerously unstable.
You visited 1 branch of the dungeon, and saw 5 of its levels.

You collected 94 gold pieces.

Inventory:

Armour
 a - a +0 animal skin
 g - a +0 cloak
 i - a +0 plate armour (worn)
Jewellery
 e - a +4 ring of slaying (left hand)
 l - a +5 ring of evasion (right hand)
Talismans
 c - a beast talisman
 d - a flux talisman (active)
Wands
 p - a wand of flame (15)
 r - a wand of charming (6)
Scrolls
 k - a scroll of teleportation {unknown}
 m - a scroll of fog
 o - 2 scrolls of identify
Potions
 b - a potion of lignification
 f - a potion of might
 h - a potion of resistance {unknown}
 j - 2 potions of heal wounds {unknown}
 n - a potion of enlightenment {unknown}
 q - a potion of curing {unknown}


   Skills:
 * Level 3.4 Fighting
 + Level 1.2 Armour
 + Level 3.8 Dodging
 * Level 4.7 Unarmed Combat
 * Level 5.6 Shapeshifting


You had 5 spell levels left.
You didn't know any spells.
Your spell library contained the following spells:

 Spells                   Type           Power      Damage    Failure   Level
 Kiss of Death            Conj/Necr      0%         2d5       100%        1
 Confusing Touch          Hex            0%         N/A       100%        3
 Dispel Undead            Necr           0%         3d6       100%        4


Dungeon Overview and Level Annotations

Branches:
Dungeon (6/15)
 Temple: D:4-7

Altars:

Shops:
D:2 :


Innate Abilities, Weirdness & Mutations

You are something dangerously unstable.
You glow with magical radiation, making you easy to see and hit.
Foes you strike become dangerously contaminated with magical radiation.
Your maximum health is decreased, since you lack skill for your form.
You are incapable of wielding weapons or throwing items.
((You are very nimble when in or above water. (Stealth+, EV+, Speed+++)))
Your lower body shifts to a powerful aquatic tail in water.
You are somewhat resistant to further mutation.


Message History

An ogre comes into view. It is wielding a +0 giant club.
The ogre shouts!
The ogre hits you with a +0 giant club!!
Ouch! That really hurt!
* * * LOW HITPOINT WARNING * * *
You are too injured to fight recklessly!
You are too injured to fight recklessly!
You are too injured to fight recklessly!
You are too injured to fight recklessly!
You are too injured to fight recklessly!
You are too injured to fight recklessly!
You are too injured to fight recklessly!
You are too injured to fight recklessly!
You are too injured to fight recklessly!
You are too injured to fight recklessly!
You are too injured to fight recklessly!
You are too injured to fight recklessly!
You are too injured to fight recklessly!
You are too injured to fight recklessly!
You are too injured to fight recklessly!
You are too injured to fight recklessly!
You are too injured to fight recklessly!
You are too injured to fight recklessly!
You are too injured to fight recklessly!
You are too injured to fight recklessly!
You are too injured to fight recklessly!
You barely miss the ogre. The ogre barely misses you.
You hit the ogre.
The ogre begins to glow.
The ogre is lightly wounded.
You hit the ogre.
The ogre glows dangerously bright.
The ogre is lightly wounded.
The ogre hits you but does no damage.
You hit the ogre.
The ogre shudders as magic cascades through it!
The ogre twists and deforms.
The ogre is severely wounded.
You hit the ogre.
The ogre begins to glow.
The ogre is severely wounded.
The ogre hits you with a +0 giant club!
You die...

...#........#.#
............#.#
...#........#.#
...#........#.##########
#.##.###>...............
#.##.......#.###......#
#.#########...........##
#.# #.##.#........ #.#
#.##..pO#.# #.#
#.#####.......
#.#########.# .......
#...........# .......
....##...#### .......
....##...# ##.....
....##...# .####
....##...# .#
....##...#####


You could see an ogre (contam, misshapen).

Vanquished Creatures
  A water moccasin (D:5)
  An ogre (D:6)
  A sleepcap (D:3)
  Terence (D:2)
  3 adders
  A white imp (D:5)
  A worm (D:2)
  A dart slug (D:5)
  An orc (D:5)
  2 endoplasms (D:2)
  4 giant cockroaches
  4 hobgoblins
  2 jackals (D:2)
  5 ball pythons
  4 bats
  3 frilled lizards
  7 goblins
  A kobold (D:2)
  6 rats
49 creatures vanquished.

Notes
Turn   | Place    | Note
-------+----------+-------------------------------------------
     0 | D:1      | sammy202020 the Merfolk Shapeshifter began the quest for
                  | the Orb.
     0 | D:1      | Reached XP level 1. HP: 15/15 MP: 1/1
   282 | D:1      | Reached XP level 2. HP: 21/21 MP: 2/2
   814 | D:1      | Gained mutation: You expend magic power (3 MP) to
                  | strengthen your wands. [potion of mutation]
   814 | D:1      | Gained mutation: You passively dampen the noise of your
                  | surroundings. [potion of mutation]
   815 | D:1      | Lost mutation: You passively dampen the noise of your
                  | surroundings. [potion of mutation]
   815 | D:1      | Lost mutation: You expend magic power (3 MP) to strengthen
                  | your wands. [potion of mutation]
   815 | D:1      | Gained mutation: You are somewhat resistant to further
                  | mutation. [potion of mutation]
   896 | D:2      | Reached XP level 3. HP: 24/27 MP: 3/3
   977 | D:2      | Found a transporter.
  1035 | D:2      | Found Visk's Book Boutique.
  1037 | D:2      | Found a transporter.
  1360 | D:2      | Found a faded altar of an unknown god.
  1366 | D:2      | Noticed Terence
  1376 | D:2      | Killed Terence
  1377 | D:2      | Reached XP level 4. HP: 30/33 MP: 4/4
  2207 | D:3      | Reached skill level 5 in Shapeshifting
  2207 | D:3      | Reached XP level 5. HP: 30/39 MP: 5/5
  2251 | D:3      | You fall into a shaft and drop 3 floors!
  2267 | D:6      | Noticed an ogre
  2273 | D:6      | Killed an ogre
  2274 | D:6      | Reached skill level 1 in Armour
  2393 | D:5      | Entered Level 5 of the Dungeon
  2402 | D:5      | Noticed a water moccasin
  2415 | D:5      | Killed a water moccasin
  2416 | D:5      | Reached XP level 6. HP: 21/47 MP: 6/6
  2606 | D:5      | Slain by an ogre

Illustrated notes

Levels and vault maps discovered:
D:1:      dpeg_arrival_round_b, layout_basic,
          hangedman_abyss_or_decor_lesser_grid, minmay_tiny_reverse_x
D:2:      layout_basic, shapermc_ecumenical_altar_venn, serial_shops,
          nicolae_shop_drivethru, serial_co_window_serial,
          co_window_of_opportunity_a, co_window_of_opportunity_a,
          co_window_paths_a, co_window_corner_a, co_window_corner_a,
          co_window_corner_b, co_window_2corner, co_window_2corner,
          serial_park_tiny_1, corexii_item_surrounded_by_moat, uniq_terence
D:3:      layout_rooms, hangedman_decor_opposing, uniq_ijyb
D:5:      layout_basic, grunt_temple_overflow_lords_of_destruction,
          serial_bayou_pond_d
D:6:      layout_cave_pools, lemuel_round_altar, water_maze_lemuel

Skill      XL: |  1  2  3  4  5 |
---------------+----------------+-----
Dodging        | 3 |  3.8
Fighting       | 2 3 |  3.4
Unarmed Combat | 4 |  4.7
Shapeshifting  | 5 |  5.6
Armour         | 1 |  1.2

Action                     |  1- 3 |  4- 6 || total
---------------------------+-------+-------++-------
  Melee: Unarmed           |    85 |    67 ||   152
         Punch             |     1 |       ||     1
    Use: Scroll            |     6 |       ||     6
         Potion            |     2 |       ||     2
 Armour: Animal skin       |    11 |       ||    11
         Chain mail        |    32 |       ||    32
         Plate armour      |    11 |    47 ||    58
         Skin              |     1 |       ||     1
  Dodge: Dodged            |    37 |    26 ||    63
   Form: Flux              |       |     1 ||     1

Table legend: (Time is in decaauts)
 A = Elapsed time spent in this place.
 B = Non-inter-level travel time spent in this place.
 C = Inter-level travel time spent in this place.
 D = Time resting spent in this place.
 E = Time spent auto-exploring this place.
 F = Levels seen in this place.
 G = Mean time per level.
                   A        B        C        D        E       F      G
               +--------+--------+--------+--------+--------+-----+--------+
         Total |   2590 |   2580 |     10 |    197 |   1892 |   5 |  518.0 |
       Dungeon |   2590 |   2580 |     10 |    197 |   1892 |   5 |  518.0 |
               +--------+--------+--------+--------+--------+-----+--------+

Top non-repeatable levels by time:
     D:2: 1251 daAuts
     D:1: 841 daAuts
     D:5: 211 daAuts
     D:3: 144 daAuts
     D:6: 141 daAuts
